 Dungeon Crawl Stone Soup version 0.27-a0-860-gaf99fae3ca (webtiles) character file.

Game seed: 10273568474534577606

1915 jestyr24 the Thaumaturge (level 8, 0/43 HPs)
             Began as a Deep Elf Fire Elementalist on Mar 31, 2021.
             Shot with an arrow by a centaur warrior (1 damage)
             ... on level 8 of the Dungeon on Apr 2, 2021.
             The game lasted 00:54:18 (6107 turns).

jestyr24 the Thaumaturge (DEFE)                     Turns: 6107, Time: 00:54:19

Health: 0/43       AC: 11    Str:  5    XL:     8   Next: 95%
Magic:  16/22      EV: 13    Int: 23    God:
Gold:   237        SH:  0    Dex: 15    Spells: 12/24 levels left

rFire    + . .     SeeInvis .   h - staff of fire
rCold    . . .     Faith    .   (no shield)
rNeg     . . .     Spirit   .   F - +1 robe {Will+}
rPois    .         Reflect  .   m - +0 helmet
rElec    .         Harm     .   s - +0 cloak
rCorr    .         Rampage  .   y - +1 pair of gloves
Will     +....                  (no boots)
Stlth    +++.......             (no amulet)
HPRegen  0.14/turn              o - +4 ring of protection
MPRegen  0.18/turn              (no ring)

@: no status effects
A: no striking features
a: no special abilities


You were on level 8 of the Dungeon.
You visited 1 branch of the dungeon, and saw 7 of its levels.

You collected 237 gold pieces.

Inventory:

Hand Weapons
 i - a +4 club
 q - a +2 vorpal spear
Missiles
 d - 8 javelins
 f - 27 poisoned darts
 x - 6 silver boomerangs
Armour
 m - a +0 helmet (worn)
 s - a +0 cloak (worn)
 y - a +1 pair of gloves (worn)
 F - a +1 robe of willpower (worn)
Magical Staves
 h - a staff of fire (weapon)
 u - a staff of earth
Jewellery
 o - a +4 ring of protection (left hand)
Scrolls
 c - a scroll of brand weapon {unknown}
 e - a scroll of fear {unknown}
 g - a scroll of fog
 k - a scroll of immolation {unknown}
 n - 3 scrolls of magic mapping
 p - 3 scrolls of teleportation
 w - a scroll of amnesia {unknown}
Potions
 r - a potion of flight
 t - a potion of attraction {unknown}
 v - 2 potions of lignification
 z - 2 potions of curing {unknown}
 A - 2 potions of degeneration {unknown}
 B - a potion of haste
 C - a potion of berserk rage
 D - a potion of magic {unknown}


   Skills:
 - Level 1.3 Fighting
 - Level 0.1(0.2) Polearms
 - Level 0.3 Staves
 - Level 3.6 Dodging
 - Level 3.8 Stealth
 + Level 8.5 Spellcasting
 * Level 5.2 Conjurations
 - Level 6.0 Hexes
 - Level 1.2 Summonings
 + Level 7.1 Fire Magic


You had 12 spell levels left.
You knew the following spells:

 Your Spells              Type           Power      Damage    Failure   Level
a - Foxfire               Conj/Fire      100%       2x1d9     1%          1
b - Inner Flame           Hex/Fire       57%        N/A       1%          3
c - Summon Guardian Gole  Hex/Summ       26%        N/A       4%          3
d - Fireball              Conj/Fire      27%        3d12      14%         5

Your spell library contained the following spells:

 Spells                   Type           Power      Damage    Failure   Level
 Conjure Flame            Conj/Fire      55%        6-21      1%          3
 Sticky Flame             Conj/Fire      55%        2d7       4%          4
 Beastly Appendage        Tmut           18%        N/A       7%          1
 Wereblood                Tmut           9%         N/A       10%         2
 Mephitic Cloud           Conj/Pois/Air  17%        N/A       10%         3
 Spider Form              Tmut/Pois      4%         N/A       21%         3
 Iskenderun's Mystic Bla  Conj/Tloc      21%        2d6       22%         4
 Animate Armour           Summ/Erth      24%        N/A       45%         4
 Summon Lightning Spire   Summ/Air       12%        N/A       45%         4
 Ice Form                 Ice/Tmut       9%         N/A       54%         4
 Starburst                Conj/Fire      27%        8x6d9     61%         6
 Hydra Form               Tmut           4%         N/A       88%         5
 Conjure Ball Lightning   Conj/Air       10%        3x3d6     98%         6


Dungeon Overview and Level Annotations

Branches:
Dungeon (6/15)
 Temple: D:4-7

Altars:
Ashenzari
Dithmenos
Fedhas
Hepliaklqana
Qazlal
Xom
Zin
The Shining One

Annotations:
D:2 Terence
D:3 1 runed translucent door, Crazy Yiuf
D:4 Eustachio


Message History

The bullfrog is engulfed in blazing flames.
The bullfrog explodes!
The fiery explosion engulfs the slime creature!!!
The slime creature explodes!
You hear a shout! x2; You hear an angry buzzing noise. x2; You hear a roar!
You hear an angry buzzing noise.
You hear a shout! x2
You hear a loud, deep croak!
You hear a shout! x3
Your Spellcasting skill increases to level 8!
Your Conjurations skill increases to level 5!
Your Fire Magic skill increases to level 7!
Found a stone staircase leading up.
A vampire mosquito comes into view.
A centaur warrior comes into view.
The centaur warrior wields a +0 longbow.
The centaur warrior shoots an arrow.
The arrow closely misses you.
A killer bee comes into view.
A sky beast comes into view.
The sky beast hits you but does no damage.
A troll comes into view.
A slime creature comes into view.
The centaur warrior shoots an arrow.
The arrow hits you! The sky beast closely misses you.
The troll moves out of view.
You hear a shout!
You hear an angry buzzing noise.
You hear an angry buzzing noise.
The centaur warrior shoots an arrow.
The arrow closely misses you. The sky beast barely misses you.
You hear an angry buzzing noise.
You see here 6 gold pieces.
An orc, an orc priest and 2 orc wizards come into view.
The orc wizard shouts! x2
The centaur warrior shoots an arrow.
The arrow hits you!
The orc wizard points at itself and mumbles some strange words.
The orc wizard flickers and vanishes!
Deactivating autopickup; reactivate with Ctrl-A.
The orc wizard gestures at itself while chanting.
The orc wizard flickers and vanishes!
The centaur warrior shoots an arrow.
The arrow hits you!
* * * LOW HITPOINT WARNING * * *
The sky beast flickers out of sight!
There is a stone staircase leading up, spattered with blood here.
The centaur warrior shoots an arrow.
The arrow hits you.
You die...

###
#######.##
{o.o...@.#
#######.##
#$c##
#..T#####
#...y..... ..
#.###J#####.#
#.##...##....
#.#..#..#....
#...###....


You could see a slime creature, a centaur warrior, a troll, a vampire mosquito
(wandering), an orc priest and an orc (wandering).

Vanquished Creatures
  A slime creature (D:8)
  4 black bears
  A necrophage (D:5)
  An ogre (D:5)
  A phantom (D:4)
  Blork the orc (D:5)
  4 bullfrogs
  A gnoll sergeant (D:5)
  A water moccasin skeleton (D:5)
  5 killer bees (D:5)
  A hound (D:5)
  A jelly (D:4)
  2 bullfrog skeletons
  A gnoll shaman (D:6)
  3 iguanas
  Robin (D:4)
  A howler monkey zombie (D:5)
  5 adders
  10 gnolls
  An ufetubus (D:6)
  A worm (D:3)
  2 dart slugs (D:3)
  8 orcs
  6 endoplasms
  2 giant cockroaches (D:1)
  16 goblins
  6 hobgoblins
  3 jackals (D:4)
  3 kobolds
  4 quokkas
  6 ball pythons
  5 bats (D:1)
  5 frilled lizards
  5 rats
118 creatures vanquished.

Vanquished Creatures (others)
  A killer bee (D:5)
  309 foxfires
  2 fungi (D:5)
  A plant (D:5)
313 creatures vanquished.

Grand Total: 431 creatures vanquished

Notes
Turn   | Place    | Note
-------+----------+-------------------------------------------
     0 | D:1      | jestyr24 the Deep Elf Fire Elementalist began the quest for
                  | the Orb.
     0 | D:1      | Reached XP level 1. HP: 10/10 MP: 6/6
   144 | D:1      | Reached XP level 2. HP: 15/15 MP: 4/8
  1048 | D:2      | Reached XP level 3. HP: 19/19 MP: 8/10
  1091 | D:2      | Found a shadowy altar of Dithmenos.
  1092 | D:2      | Noticed a shadow
  1095 | D:2      | Found a hazy altar of Hepliaklqana.
  1175 | D:2      | Found a glowing silver altar of Zin.
  1449 | D:2      | Noticed Terence
  1464 | D:2      | Learned a level 3 spell: Inner Flame
  1515 | D:2      | HP: 1/20 [Terence/+0 falchion (3)]
  1984 | D:3      | Reached XP level 4. HP: 24/24 MP: 7/11
  2027 | D:3      | Reached skill level 4 in Spellcasting
  2433 | D:3      | Found a runed translucent door.
  2434 | D:3      | Noticed Crazy Yiuf
  2597 | D:4      | Noticed Robin
  2606 | D:4      | Killed Robin
  2818 | D:4      | Noticed a phantom
  2841 | D:4      | Killed a phantom
  2842 | D:4      | Reached XP level 5. HP: 6/28 MP: 5/14
  3088 | D:4      | Noticed Eustachio
  3426 | D:4      | Found a shimmering altar of Xom.
  3430 | D:4      | Found a broken altar of Ashenzari.
  3433 | D:4      | Found a shimmering altar of Xom.
  3433 | D:4      | Found a shimmering altar of Xom.
  3434 | D:4      | Found a shimmering altar of Xom.
  3572 | D:4      | Noticed a black bear
  3579 | D:4      | Killed a black bear
  3580 | D:4      | Reached skill level 5 in Spellcasting
  3580 | D:4      | Reached skill level 1 in Hexes
  3580 | D:4      | Reached XP level 6. HP: 33/33 MP: 11/15
  3611 | D:4      | Identified 2 scrolls of acquirement
  3611 | D:4      | Acquired the Incunabulum of Harmful Creation
  3613 | D:4      | Acquired a staff of fire
  3620 | D:4      | Learned a level 3 spell: Summon Guardian Golem
  3798 | D:4      | Reached skill level 5 in Fire Magic
  3905 | D:5      | Entered Level 5 of the Dungeon
  4035 | D:5      | Found a stormy altar of Qazlal.
  4042 | D:5      | Found a blossoming altar of Fedhas.
  4431 | D:5      | Reached XP level 7. HP: 37/37 MP: 6/17
  4758 | D:5      | Reached skill level 6 in Spellcasting
  4759 | D:5      | Upgraded the game from 0.27-a0-836-gfc908b8576 to
                  | 0.27-a0-860-gaf99fae3ca
  4985 | D:5      | Noticed Blork the orc
  4994 | D:5      | Killed Blork the orc
  5115 | D:5      | Reached XP level 8. HP: 28/42 MP: 11/20
  5397 | D:5      | HP: 2/63 [cloud of flame (4)]
  5398 | D:5      | Reached skill level 1 in Fighting
  5398 | D:5      | Reached skill level 7 in Spellcasting
  5398 | D:5      | Reached skill level 5 in Hexes
  5862 | D:6      | Reached skill level 1 in Summonings
  5868 | D:6      | Learned a level 5 spell: Fireball
  6031 | D:6      | Found a glowing golden altar of the Shining One.
  6080 | D:6      | You fall into a shaft and drop 2 floors!
  6082 | D:8      | Noticed a slime creature
  6092 | D:8      | Killed a slime creature
  6093 | D:8      | Reached skill level 8 in Spellcasting
  6093 | D:8      | Reached skill level 5 in Conjurations
  6096 | D:8      | Noticed a centaur warrior
  6103 | D:8      | Noticed a troll
  6103 | D:8      | Noticed a slime creature
  6106 | D:8      | HP: 1/43 [centaur warrior/arrow (15)]
  6107 | D:8      | Shot with an arrow by a centaur warrior

Illustrated notes

Levels and vault maps discovered:
D:1:      dpeg_arrival_windows_large_door, layout_rooms,
          serial_co_window_serial, co_window_of_opportunity_a,
          co_window_corner_a, co_window_corner_a, co_window_corner_a,
          co_window_of_opportunity_a, co_window_corner_ca,
          co_window_of_opportunity_c, co_window_2corner, co_window_paths_c,
          co_window_corner_b, glass_columns_b, glass_columns_c, glass_columns_b
D:2:      layout_basic, pdpol_temple_overflow_zin_treasury_gozag_greed,
          riverfiend_overflow_shadow_ancestor, marbit_many_paths, uniq_terence
D:3:      layout_basic, uniq_crazy_yiuf_cottage
D:4:      layout_cave_pools, cheibrodos_ashenzari_chains, xom_redecorated,
          grunt_ministairs_13, uniq_eustachio, uniq_robin
D:5:      layout_basic, grunt_temple_overflow_forces_of_nature,
          minmay_misc_feat_doors, st_stairs_2, uniq_blork_the_orc
D:6:      layout_rooms, tso_metal_star, pf_just_have_faith,
          minmay_temple_entry_poolview, enter_ossuary_2, serial_shops, shop,
          minivault_19, eino_curves_03
D:8:      minmay_the_grid_square_5x5_3x3
          [minmay_the_grid_square_5x5_hollow_slash,
          minmay_the_grid_square_5x5_fat_x, minmay_the_grid_square_5x5_meh,
          minmay_the_grid_square_5x5_lines,
          minmay_the_grid_square_5x5_megaprize_crossed,
          minmay_the_grid_square_5x5_empty,
          minmay_the_grid_square_5x5_spiral_small,
          minmay_the_grid_square_5x5_checkered,
          minmay_the_grid_square_5x5_shrine2], layout_loops_ring,
          kennysheep_another_room, sigmund_army, uniq_gastronok, uniq_erica

Skill      XL: |  1  2  3  4  5  6  7  8 |
---------------+-------------------------+-----
Stealth        | 3 |  3.8
Fire Magic     | 4 5 6 7 |  7.1
Spellcasting   | 4 5 6 8 |  8.5
Conjurations   | 2 3 4 5 |  5.2
Dodging        | 3 |  3.6
Hexes          | 1 2 4 6 |  6.0
Fighting       | 1 |  1.3
Summonings     | 1 |  1.2
Polearms       | |  0.1
Staves         | |  0.3

Action                   |  1- 3 |  4- 6 |  7- 9 || total
-------------------------+-------+-------+-------++-------
Melee: Spear             |    14 |    21 |       ||    35
       Staff             |       |     1 |     5 ||     6
 Cast: Foxfire           |    59 |    84 |    45 ||   188
       Inner Flame       |       |     3 |    20 ||    23
       Summon Guardian G |       |       |     5 ||     5
  Use: Scroll            |       |    10 |     3 ||    13
       Potion            |       |     1 |     1 ||     2
Armor: Robe              |     6 |    10 |    31 ||    47
Dodge: Dodged            |    22 |    35 |    40 ||    97

Table legend: (Time is in decaauts)
 A = Elapsed time spent in this place.
 B = Non-inter-level travel time spent in this place.
 C = Inter-level travel time spent in this place.
 D = Time resting spent in this place.
 E = Time spent auto-exploring this place.
 F = Levels seen in this place.
 G = Mean time per level.
                   A        B        C        D        E       F      G
               +--------+--------+--------+--------+--------+-----+--------+
         Total |   6125 |   5904 |    221 |   1735 |   2244 |   7 |  875.0 |
       Dungeon |   6125 |   5904 |    221 |   1735 |   2244 |   7 |  875.0 |
               +--------+--------+--------+--------+--------+-----+--------+

Top non-repeatable levels by time:
     D:4: 1477 daAuts
     D:5: 1453 daAuts
     D:3: 1223 daAuts
     D:1: 1045 daAuts
     D:2: 497 daAuts
     D:6: 402 daAuts
     D:8: 26 daAuts
